how to against DAK?

Match 29906340
End
Construct Infanterie Kompanie
Selects Breakthrough Battlegroup
Selects Assault Grenadiers
Grenadier Squad
Grenadier Squad
GrW 34 Mortar Team
Grenadier Squad
Construct Luftwaffe Kompanie
221 Scout Car
Selects Smoke Bombing Run
Selects Incendiary Bombing Run
Support Elements
Jäger Squad
Jäger Squad
Marder III M Tank Destroyer
Marder III M Tank Destroyer
Grenadier Squad
Pioneer Squad
Marder III M Tank Destroyer
Medical Station
Marder III M Tank Destroyer
Selects Rapid Production
Selects Blitzkrieg
TheTableau
ndydfeixing
Kajota
[TW]S.C.
0
0

Comments sign in to comment!

No comments posted yet!